Tamiflu vs Ice Dragons

Created - 16 novembre 2016 at 18:58

Goals
1 2 3 T
Tamiflu 2 1 0 3
Ice Dragons 0 1 1 2
Shots
1 2 3 T
Tamiflu 17 12 4 33
Ice Dragons 9 14 5 28

1st period

1. Tamiflu , Tye McGinn 3 (Petr Pohl, Greg Mauldin) at 10:37
2. Tamiflu , Colin Greening 1 (Philip Samuelsson, Kyle Lawson) at 19:34

Penalties :
Nino Niederreiter (Det) for Tripping (Minor) at 13:01, Philip Samuelsson (Det) for Hooking (Minor) at 16:57

2nd period

3. Ice Dragons , Marek Viedensky 2 (Brandon Kozun, Slava Voynov) at 8:37
4. Tamiflu , Jan Mursak 4 (Adam Larsson, Kyle Lawson) at 14:08

Penalties :
Slava Voynov (Kin) for Interference (Minor) at 0:56, Ryan Reaves (Kin) for Hooking (Minor) at 3:23, Brayden McNabb (Kin) for Tripping (Minor) at 16:29

3rd period

5. Ice Dragons , Brandon Kozun 3 (Brayden McNabb) at 7:09

Penalties :
Justin Braun (Det) for Hooking (Minor) at 1:44, Logan MacMillan (Kin) for Holding (Minor) at 4:07, Colin Greening (Det) for Interference (Minor) at 13:41, Nathan Oystrick (Det) for Hooking (Minor) at 18:15

Goalie Stats

Thomas Greiss (Det), 26 saves from 28 shots - (0,929), W, 4-5-1, 60:00 minutes
Justin Pogge (Kin), 30 saves from 33 shots - (0,909), L, 4-6-0, 60:00 minutes

Players Stats for Tamiflu

Player Name              G  A  P  +/- PIM S  H  SB GA TA FO     MP     PP MP  PK MP  
------------------------------------------------------------------------------------
Adam Larsson             0  1  1  -1  0   0  0  1  1  0  0/0    17:51   0:00   5:47 
Colin Greening           1  0  1   0  2   1  0  0  0  0  3/6    12:22   0:00   1:28 
Greg Mauldin             0  1  1   0  0   6  2  0  2  0  11/20  20:39   4:22   3:50 
Jamie Arniel             0  0  0   1  0   1  0  0  1  0  13/22  15:40   3:31   1:32 
Jan Mursak               1  0  1   0  0   4  0  3  0  0  4/9    12:49   0:00   4:59 
Jordan Hendry            0  0  0   2  0   0  1  1  0  1  0/0    18:45   4:10   0:49 
Justin Braun             0  0  0   0  2   0  1  4  0  0  0/0    23:52   3:46   3:30 
Kyle Lawson              0  2  2   0  0   0  1  1  0  0  0/0    16:20   0:00   2:05 
Mattias Tedenby          0  0  0  -1  0   2  0  0  0  0  0/0    10:35   0:03   0:00 
Mike Duco                0  0  0   0  0   0  0  0  0  0  0/0     1:37   0:00   0:00 
Nathan Oystrick          0  0  0   1  2   6  2  3  0  0  0/0    18:58   3:46   3:34 
Nino Niederreiter        0  0  0   0  2   0  3  0  0  0  0/0    19:39   4:22   1:20 
Petr Pohl                0  1  1   0  0   2  1  0  0  0  0/1    19:07   3:31   0:00 
Philip Samuelsson        0  1  1   1  2   4  1  3  0  0  0/0    24:52   4:10   3:35 
Rich Clune               0  0  0   0  0   3  1  0  1  0  0/1    10:51   0:03   2:00 
Robert Dome              0  0  0   0  0   0  2  0  0  0  0/0    16:56   4:22   0:00 
Tobias Rieder            0  0  0   0  0   0  0  0  0  0  0/0     8:36   0:03   0:00 
Tye McGinn               1  0  1   2  0   4  3  0  0  0  1/2    20:46   3:31   4:11 

Players Stats for Ice Dragons

Player Name              G  A  P  +/- PIM S  H  SB GA TA FO     MP     PP MP  PK MP  
------------------------------------------------------------------------------------
Alexander Urbom          0  0  0  -1  0   0  0  1  0  0  0/0    10:20   0:00   0:00 
Bradley Malone           0  0  0   0  0   0  0  0  0  0  2/3     2:30   0:00   0:00 
Brandon Kozun            1  1  2   1  0   3  1  0  0  0  0/0    14:03   0:00   1:09 
Brayden McNabb           0  1  1   1  2   1  0  5  1  0  0/0    24:59   5:28   3:44 
Ian Cole                 0  0  0   0  0   2  0  4  0  3  0/0    29:27   5:28   5:06 
Joey Hishon              0  0  0   0  0   0  0  0  0  0  0/0     2:44   0:41   0:00 
Kyle Bigos               0  0  0  -1  0   0  0  0  0  0  0/0     3:17   0:00   0:12 
Logan MacMillan          0  0  0   1  2   2  1  0  0  0  0/1    13:02   0:00   0:09 
Marek Viedensky          1  0  1   1  0   3  2  0  0  1  0/4    14:13   0:27   0:47 
Michael Latta            0  0  0  -1  0   2  1  1  0  0  4/10   17:16   4:02   0:00 
Nick Palmieri            0  0  0  -1  0   2  2  0  0  0  4/8    24:58   5:20   4:10 
Petr Vrana               0  0  0  -1  0   1  2  1  0  0  2/4    20:03   4:06   3:16 
Ryan Reaves              0  0  0  -1  2   1  2  1  0  0  0/0    17:36   4:02   0:00 
Samuel Groulx            0  0  0  -1  0   1  1  1  0  0  0/0    12:17   0:00   1:53 
Slava Voynov             0  1  1   0  2   2  0  0  0  0  0/0    19:39   4:12   2:07 
Tomas Kudelka            0  0  0   0  0   0  0  0  0  1  0/0    20:13   4:12   2:50 
Troy Brouwer             0  0  0  -1  0   7  2  0  0  0  0/1    25:01   5:03   4:14 
Tyler Haskins            0  0  0  -1  0   1  2  2  0  0  17/30  20:22   5:19   2:07 

3 Stars

1 - Brandon Kozun (Kin)
2 - Tye McGinn (Det)
3 - Marek Viedensky (Kin)

Power Play

Tamiflu - 0 on 4 Attempt(s) - 0,00%
Ice Dragons - 0 on 5 Attempt(s) - 0,00%

Penalty Kill

Tamiflu - 5 on 5 Attempt(s) - 100,00% - Score 0 goal in Penalty Kill
Ice Dragons - 4 on 4 Attempt(s) - 100,00% - Score 0 goal in Penalty Kill

Team Stat

Tamiflu - Hits : 18 - Faceoff Wins : 32 - Blocked Shots : 16 - Penalty Minutes : 10
Ice Dragons - Hits : 16 - Faceoff Wins : 29 - Blocked Shots : 16 - Penalty Minutes : 8

Official

Referees : Sutherland Kelly and Kowal Tom
Linesman : Mike Cvik and Lyle Seitz

Game Notes

Mike Duco is injured at 8:19 of 1st period (Right Leg)

Finance

Level 1 -- Attendance: 1558 (77,90%) -- Ticket Income 54 530 $
Level 2 -- Attendance: 754 (75,40%) -- Ticket Income 11 310 $
Total Attendance: 2312 (77,07%)
Total Ticket Income: 65 840 $
Other Income: 3 292 $
Total Income: 69 132 $

Tamiflu

5 vs 5 Forward 
   Center                   Left Wing                Right Wing               Time % Phy DF OF 
 1 Jamie Arniel             Tye McGinn               Petr Pohl                35     1   2  2  
 2 Greg Mauldin             Robert Dome              Nino Niederreiter        35     0   2  3  
 3 Colin Greening           Mike Duco                Mattias Tedenby          20     1   2  2  
 4 Jan Mursak               Rich Clune               Tobias Rieder            10     1   2  2  

5 vs 5 Defense 
   Defense                  Defense                                           Time % Phy DF OF 
 1 Philip Samuelsson        Justin Braun                                      40     1   2  2  
 2 Nathan Oystrick          Jordan Hendry                                     30     1   2  2  
 3 Kyle Lawson              Adam Larsson                                      20     1   2  2  
 4 Kyle Lawson              Adam Larsson                                      10     1   3  1  

PowerPlay Forward 
   Center                   Left Wing                Right Wing               Time % Phy DF OF 
 1 Greg Mauldin             Robert Dome              Nino Niederreiter        60     0   1  4  
 2 Jamie Arniel             Tye McGinn               Petr Pohl                40     0   1  4  

PowerPlay Defense
   Defense                  Defense                                           Time % Phy DF OF 
 1 Philip Samuelsson        Jordan Hendry                                     60     0   2  3  
 2 Nathan Oystrick          Justin Braun                                      40     0   2  3  

Penalty Kill 4 Players Forward 
   Center                   Wing                     Time % Phy DF OF 
 1 Jan Mursak               Mike Duco                60     1   3  1  
 2 Jamie Arniel             Nino Niederreiter        40     1   3  1  

Penalty Kill 4 Players Defense
   Defense                  Defense                  Time % Phy DF OF 
 1 Nathan Oystrick          Adam Larsson             50     1   3  1  
 2 Philip Samuelsson        Justin Braun             50     1   3  1  

Penalty Kill - 3 Players Forward 
   Forward                                           Time % Phy DF OF 
 1 Mike Duco                                         60     1   4  0  
 2 Nino Niederreiter                                 40     1   4  0  

Penalty Kill - 3 Players Defense
   Defense                  Defense                  Time % Phy DF OF 
 1 Nathan Oystrick          Jordan Hendry            60     1   4  0  
 2 Philip Samuelsson        Adam Larsson             40     1   4  0  

4 vs 4 Forward 
   Center                   Wing                     Time % Phy DF OF 
 1 Greg Mauldin             Petr Pohl                50     1   2  2  
 2 Robert Dome              Nino Niederreiter        50     1   2  2  

4 vs 4 Defense
   Defense                  Defense                  Time % Phy DF OF 
 1 Philip Samuelsson        Jordan Hendry            60     1   2  2  
 2 Nathan Oystrick          Justin Braun             40     1   2  2  

Last Minutes Offensive
   Center                   Left Wing                Right Wing               Defense                  Defense                  
   Greg Mauldin             Robert Dome              Petr Pohl                Philip Samuelsson        Jordan Hendry            

Last Minutes Defensive
   Center                   Left Wing                Right Wing               Defense                  Defense                  
   Jamie Arniel             Mike Duco                Nino Niederreiter        Philip Samuelsson        Nathan Oystrick          

Goaltenders
Starting : Thomas Greiss            
Backup : Joe Fallon               

Extra Forwards
Normal : Petr Pohl, Nino Niederreiter, Mattias Tedenby - PP : Mattias Tedenby, Mike Duco - PK : Greg Mauldin
Extra Defensemen
Normal : Philip Samuelsson, Jordan Hendry, Adam Larsson - PP : Nathan Oystrick - PK : Adam Larsson, Kyle Lawson
Penalty Shots
Mattias Tedenby, Jamie Arniel, Jan Mursak, Robert Dome, Greg Mauldin

Ice Dragons

5 vs 5 Forward 
   Center                   Left Wing                Right Wing               Time % Phy DF OF 
 1 Tyler Haskins            Troy Brouwer             Nick Palmieri            40     1   2  2  
 2 Michael Latta            Petr Vrana               Ryan Reaves              30     1   2  2  
 3 Marek Viedensky          Logan MacMillan          Brandon Kozun            20     1   2  2  
 4 Bradley Malone           Nick Palmieri            Troy Brouwer             10     1   2  2  

5 vs 5 Defense 
   Defense                  Defense                                           Time % Phy DF OF 
 1 Ian Cole                 Brayden McNabb                                    40     1   2  2  
 2 Slava Voynov             Tomas Kudelka                                     30     1   2  2  
 3 Alexander Urbom          Samuel Groulx                                     20     1   2  2  
 4 Kyle Bigos               Ian Cole                                          10     1   2  2  

PowerPlay Forward 
   Center                   Left Wing                Right Wing               Time % Phy DF OF 
 1 Tyler Haskins            Troy Brouwer             Nick Palmieri            60     1   2  2  
 2 Michael Latta            Petr Vrana               Ryan Reaves              40     1   2  2  

PowerPlay Defense
   Defense                  Defense                                           Time % Phy DF OF 
 1 Ian Cole                 Brayden McNabb                                    60     1   2  2  
 2 Slava Voynov             Tomas Kudelka                                     40     1   2  2  

Penalty Kill 4 Players Forward 
   Center                   Wing                     Time % Phy DF OF 
 1 Nick Palmieri            Troy Brouwer             60     1   2  2  
 2 Petr Vrana               Tyler Haskins            40     1   2  2  

Penalty Kill 4 Players Defense
   Defense                  Defense                  Time % Phy DF OF 
 1 Ian Cole                 Brayden McNabb           60     1   2  2  
 2 Slava Voynov             Tomas Kudelka            40     1   2  2  

Penalty Kill - 3 Players Forward 
   Forward                                           Time % Phy DF OF 
 1 Nick Palmieri                                     60     1   2  2  
 2 Troy Brouwer                                      40     1   2  2  

Penalty Kill - 3 Players Defense
   Defense                  Defense                  Time % Phy DF OF 
 1 Ian Cole                 Brayden McNabb           60     1   2  2  
 2 Slava Voynov             Tomas Kudelka            40     1   2  2  

4 vs 4 Forward 
   Center                   Wing                     Time % Phy DF OF 
 1 Nick Palmieri            Troy Brouwer             60     1   2  2  
 2 Petr Vrana               Tyler Haskins            40     1   2  2  

4 vs 4 Defense
   Defense                  Defense                  Time % Phy DF OF 
 1 Ian Cole                 Brayden McNabb           60     1   2  2  
 2 Slava Voynov             Tomas Kudelka            40     1   2  2  

Last Minutes Offensive
   Center                   Left Wing                Right Wing               Defense                  Defense                  
   Tyler Haskins            Troy Brouwer             Nick Palmieri            Ian Cole                 Brayden McNabb           

Last Minutes Defensive
   Center                   Left Wing                Right Wing               Defense                  Defense                  
   Tyler Haskins            Troy Brouwer             Nick Palmieri            Ian Cole                 Brayden McNabb           

Goaltenders
Starting : Justin Pogge             
Backup : Harru Sateri             

Extra Forwards
Normal : Joey Hishon, Marek Viedensky, Brandon Kozun - PP : Joey Hishon, Marek Viedensky - PK : Brandon Kozun
Extra Defensemen
Normal : Alexander Urbom, Samuel Groulx, Kyle Bigos - PP : Alexander Urbom - PK : Samuel Groulx, Kyle Bigos
Penalty Shots
Nick Palmieri, Troy Brouwer, Petr Vrana, Tyler Haskins, Michael Latta

% Time on Ice - Tamiflu

Lines # - Real PCT - Wanted PCT - Time Play
Normal Forward
1 - 27% - 35% - 11:27
2 - 31% - 35% - 13:21
3 - 23% - 20% - 9:50
4 - 18% - 10% - 7:46
Normal Defense
1 - 39% - 40% - 16:29
2 - 33% - 30% - 13:57
3 - 21% - 20% - 8:55
4 - 7% - 10% - 3:03
PP Forward
1 - 56% - 60% - 4:25
2 - 44% - 40% - 3:31
PP Defense
1 - 53% - 60% - 4:10
2 - 47% - 40% - 3:46
PK Forward
1 - 84% - 60% - 8:08
2 - 16% - 40% - 1:32
PK Defense
1 - 46% - 50% - 4:28
2 - 54% - 50% - 5:12
PK3 Forward
1 - 0% - 60%
2 - 0% - 40%
PK3 Defense
1 - 0% - 60%
2 - 0% - 40%
44 Forward
1 - 0% - 50%
2 - 0% - 50%
44 Defense
1 - 0% - 60%
2 - 0% - 40%
Last Minute Offensive  - 0:00
Last Minute Defensive  - 0:00
Total
Forward - 60:00
Defense - 60:00

% Time on Ice - Ice Dragons

Lines # - Real PCT - Wanted PCT - Time Play
Normal Forward
1 - 31% - 40% - 13:21
2 - 35% - 30% - 14:41
3 - 28% - 20% - 11:52
4 - 6% - 10% - 2:30
Normal Defense
1 - 37% - 40% - 15:48
2 - 31% - 30% - 13:11
3 - 24% - 20% - 10:20
4 - 7% - 10% - 3:05
PP Forward
1 - 58% - 60% - 5:34
2 - 42% - 40% - 4:06
PP Defense
1 - 57% - 60% - 5:28
2 - 43% - 40% - 4:12
PK Forward
1 - 73% - 60% - 5:49
2 - 27% - 40% - 2:07
PK Defense
1 - 64% - 60% - 5:06
2 - 36% - 40% - 2:50
PK3 Forward
1 - 0% - 60%
2 - 0% - 40%
PK3 Defense
1 - 0% - 60%
2 - 0% - 40%
44 Forward
1 - 0% - 60%
2 - 0% - 40%
44 Defense
1 - 0% - 60%
2 - 0% - 40%
Last Minute Offensive  - 0:00
Last Minute Defensive  - 0:00
Total
Forward - 60:00
Defense - 60:00

Play by Play

1st period


0:01 of 1st period - Tyler Haskins wins face-off versus Jamie Arniel in neutral zone.
0:26 of 1st period - Justin Braun is hit by Logan MacMillan and loses puck.
1:13 of 1st period - Snap shot by Jan Mursak.
1:13 of 1st period - Stopped by Justin Pogge without a rebound.
1:14 of 1st period - Bradley Malone wins face-off versus Jan Mursak in Ice Dragons zone.
1:25 of 1st period - Snap shot by Troy Brouwer.
1:25 of 1st period - Stopped by Thomas Greiss with a rebound.
1:27 of 1st period - Slapshot by Samuel Groulx.
1:27 of 1st period - Stopped by Thomas Greiss with a rebound.
1:29 of 1st period - Slapshot by Alexander Urbom.
1:29 of 1st period - Shot Blocked by Nathan Oystrick.
1:39 of 1st period - Slapshot by Nathan Oystrick.
1:39 of 1st period - Shot Blocked by Alexander Urbom.
2:52 of 1st period - Backhand shot by Mattias Tedenby.
2:52 of 1st period - Stopped by Justin Pogge with a rebound.
2:54 of 1st period - Slapshot by Philip Samuelsson.
2:54 of 1st period - Stopped by Justin Pogge with a rebound.
3:21 of 1st period - Philip Samuelsson is hit by Troy Brouwer and loses puck.
4:29 of 1st period - Michael Latta is hit by Kyle Lawson and loses puck.
5:10 of 1st period - Slapshot by Nathan Oystrick.
5:10 of 1st period - Stopped by Justin Pogge with a rebound.
5:12 of 1st period - Snap shot by Rich Clune.
5:12 of 1st period - Shot Misses the Net.
5:14 of 1st period - Wrist shot by Nathan Oystrick.
5:14 of 1st period - Stopped by Justin Pogge without a rebound.
5:15 of 1st period - Bradley Malone wins face-off versus Jamie Arniel in Ice Dragons zone.
5:22 of 1st period - Slapshot by Samuel Groulx.
5:22 of 1st period - Deflect By Ryan Reaves.
5:22 of 1st period - Shot Blocked by Philip Samuelsson.
5:22 of 1st period - Puck is out of play.
5:23 of 1st period - Tyler Haskins wins face-off versus Jamie Arniel in Tamiflu zone.
5:52 of 1st period - Snap shot by Brandon Kozun.
5:52 of 1st period - Stopped by Thomas Greiss without a rebound.
5:53 of 1st period - Greg Mauldin wins face-off versus Logan MacMillan in Tamiflu zone.
6:18 of 1st period - Nick Palmieri is hit by Tye McGinn and loses puck.
6:41 of 1st period - Snap shot by Michael Latta.
6:41 of 1st period - Shot Misses the Net.
6:43 of 1st period - Slapshot by Michael Latta.
6:43 of 1st period - Stopped by Thomas Greiss with a rebound.
6:45 of 1st period - Slapshot by Brayden McNabb.
6:45 of 1st period - Shot Blocked by Jordan Hendry.
6:47 of 1st period - Wrist shot by Ryan Reaves.
6:47 of 1st period - Stopped by Thomas Greiss with a rebound.
6:49 of 1st period - Slapshot by Ian Cole.
6:49 of 1st period - Shot Blocked by Nathan Oystrick.
8:18 of 1st period - Mike Duco is hit by Petr Vrana and loses puck.
8:19 of 1st period - Mike Duco from Tamiflu is injured at 8:19 of 1st period (Right Leg).
8:20 of 1st period - Nick Palmieri wins face-off versus Greg Mauldin in Tamiflu zone.
8:57 of 1st period - Slapshot by Greg Mauldin.
8:57 of 1st period - Stopped by Justin Pogge without a rebound.
8:58 of 1st period - Jamie Arniel wins face-off versus Tyler Haskins in Ice Dragons zone.
9:07 of 1st period - Snap shot by Tye McGinn.
9:07 of 1st period - Shot Misses the Net.
9:09 of 1st period - Slapshot by Nathan Oystrick.
9:09 of 1st period - Shot Misses the Net.
9:11 of 1st period - Slapshot by Jordan Hendry.
9:11 of 1st period - Shot Misses the Net.
9:13 of 1st period - Slapshot by Jordan Hendry.
9:13 of 1st period - Shot Blocked by Brayden McNabb.
10:03 of 1st period - Slapshot by Greg Mauldin.
10:03 of 1st period - Stopped by Justin Pogge without a rebound.
10:04 of 1st period - Michael Latta wins face-off versus Greg Mauldin in Ice Dragons zone.
10:37 of 1st period - Wrist shot by Tye McGinn.
10:37 of 1st period - Goal by Tye McGinn - Tamiflu : 1 - Ice Dragons : 0.
10:38 of 1st period - Jamie Arniel wins face-off versus Tyler Haskins in neutral zone.
10:41 of 1st period - Snap shot by Petr Pohl.
10:41 of 1st period - Shot Blocked by Brayden McNabb.
11:13 of 1st period - Wrist shot by Michael Latta.
11:13 of 1st period - Shot Blocked by Philip Samuelsson.
11:33 of 1st period - Wrist shot by Rich Clune.
11:33 of 1st period - Stopped by Justin Pogge with a rebound.
11:43 of 1st period - Wrist shot by Robert Dome.
11:43 of 1st period - Shot Misses the Net.
12:10 of 1st period - Snap shot by Tye McGinn.
12:10 of 1st period - Stopped by Justin Pogge without a rebound.
12:11 of 1st period - Petr Vrana wins face-off versus Petr Pohl in Ice Dragons zone.
12:23 of 1st period - Wrist shot by Petr Pohl.
12:23 of 1st period - Stopped by Justin Pogge with a rebound.
12:25 of 1st period - Slapshot by Nathan Oystrick.
12:25 of 1st period - Deflect By Mattias Tedenby.
12:25 of 1st period - Stopped by Justin Pogge with a rebound.
12:35 of 1st period - Ryan Reaves is hit by Jordan Hendry and loses puck.
13:01 of 1st period - Minor Penalty to Nino Niederreiter for Tripping.
13:02 of 1st period - Tyler Haskins wins face-off versus Jan Mursak in Tamiflu zone.
15:01 of 1st period - Penalty to Nino Niederreiter is over, Nino Niederreiter is back on ice.
15:21 of 1st period - Marek Viedensky is hit by Nino Niederreiter and loses puck.
15:34 of 1st period - Marek Viedensky is hit by Petr Pohl and loses puck.
15:49 of 1st period - Wrist shot by Brandon Kozun.
15:49 of 1st period - Shot Blocked by Jan Mursak.
15:52 of 1st period - Icing by Jordan Hendry.
15:53 of 1st period - Tyler Haskins wins face-off versus Jan Mursak in Tamiflu zone.
16:25 of 1st period - Ryan Reaves is hit by Nino Niederreiter and loses puck.
16:42 of 1st period - Snap shot by Robert Dome.
16:42 of 1st period - Deflect By Jamie Arniel.
16:42 of 1st period - Stopped by Justin Pogge without a rebound.
16:43 of 1st period - Jamie Arniel wins face-off versus Marek Viedensky in Ice Dragons zone.
16:57 of 1st period - Minor Penalty to Philip Samuelsson for Hooking.
16:58 of 1st period - Jan Mursak wins face-off versus Tyler Haskins in Tamiflu zone.
17:23 of 1st period - Justin Braun is hit by Ryan Reaves and loses puck.
17:32 of 1st period - Snap shot by Petr Vrana.
17:32 of 1st period - Shot Misses the Net.
17:34 of 1st period - Snap shot by Petr Vrana.
17:34 of 1st period - Shot Misses the Net.
17:36 of 1st period - Snap shot by Ryan Reaves.
17:36 of 1st period - Shot Misses the Net.
18:13 of 1st period - Jamie Arniel is hit by Michael Latta and loses puck.
18:57 of 1st period - Penalty to Philip Samuelsson is over, Philip Samuelsson is back on ice.
19:05 of 1st period - Snap shot by Logan MacMillan.
19:05 of 1st period - Shot Misses the Net.
19:09 of 1st period - Snap shot by Logan MacMillan.
19:09 of 1st period - Stopped by Thomas Greiss with a rebound.
19:11 of 1st period - Wrist shot by Marek Viedensky.
19:11 of 1st period - Shot Misses the Net.
19:18 of 1st period - Icing by Colin Greening.
19:19 of 1st period - Tye McGinn wins face-off versus Marek Viedensky in Tamiflu zone.
19:24 of 1st period - Snap shot by Tye McGinn.
19:24 of 1st period - Stopped by Justin Pogge with a rebound.
19:30 of 1st period - Snap shot by Philip Samuelsson.
19:30 of 1st period - Stopped by Justin Pogge with a rebound.
19:32 of 1st period - Wrist shot by Philip Samuelsson.
19:32 of 1st period - Deflect By Logan MacMillan.
19:32 of 1st period - Stopped by Justin Pogge with a rebound.
19:34 of 1st period - Snap shot by Colin Greening.
19:34 of 1st period - Deflect By Marek Viedensky.
19:34 of 1st period - Goal by Colin Greening - Tamiflu : 2 - Ice Dragons : 0.
19:35 of 1st period - Tyler Haskins wins face-off versus Greg Mauldin in neutral zone.
19:38 of 1st period - Slapshot by Ian Cole.
19:38 of 1st period - Stopped by Thomas Greiss with a rebound.
19:40 of 1st period - Slapshot by Brayden McNabb.
19:40 of 1st period - Shot Blocked by Justin Braun.
19:42 of 1st period - Slapshot by Ian Cole.
19:42 of 1st period - Shot Blocked by Justin Braun.
19:44 of 1st period - Wrist shot by Nick Palmieri.
19:44 of 1st period - Shot Misses the Net.
19:46 of 1st period - Slapshot by Ian Cole.
19:46 of 1st period - Stopped by Thomas Greiss with a rebound.
19:48 of 1st period - Snap shot by Nick Palmieri.
19:48 of 1st period - Stopped by Thomas Greiss without a rebound.
19:49 of 1st period - Colin Greening wins face-off versus Tyler Haskins in Tamiflu zone.
Goals for this period are 2 for Tamiflu vs 0 for Ice Dragons.
Shots for this period are 17 for Tamiflu vs 9 for Ice Dragons.

2nd period


0:01 of 2nd period - Jamie Arniel wins face-off versus Tyler Haskins in neutral zone.
0:36 of 2nd period - Philip Samuelsson is hit by Petr Vrana and loses puck.
0:56 of 2nd period - Minor Penalty to Slava Voynov for Interference.
0:57 of 2nd period - Greg Mauldin wins face-off versus Nick Palmieri in Ice Dragons zone.
1:09 of 2nd period - Nick Palmieri is hit by Robert Dome.
1:13 of 2nd period - Philip Samuelsson is hit by Samuel Groulx and loses puck.
1:20 of 2nd period - Nick Palmieri is hit by Greg Mauldin and loses puck.
1:25 of 2nd period - Wrist shot by Greg Mauldin.
1:25 of 2nd period - Stopped by Justin Pogge without a rebound.
1:26 of 2nd period - Jamie Arniel wins face-off versus Nick Palmieri in Ice Dragons zone.
2:22 of 2nd period - Icing by Greg Mauldin.
2:23 of 2nd period - Petr Vrana wins face-off versus Greg Mauldin in Tamiflu zone.
2:24 of 2nd period - Slapshot by Tyler Haskins.
2:24 of 2nd period - Stopped by Thomas Greiss without a rebound.
2:25 of 2nd period - Greg Mauldin wins face-off versus Petr Vrana in Tamiflu zone.
2:47 of 2nd period - Icing by Philip Samuelsson.
2:48 of 2nd period - Nick Palmieri wins face-off versus Jamie Arniel in Tamiflu zone.
2:55 of 2nd period - Slapshot by Troy Brouwer.
2:55 of 2nd period - Stopped by Thomas Greiss with a rebound.
2:56 of 2nd period - Penalty to Slava Voynov is over, Slava Voynov is back on ice.
2:57 of 2nd period - Slapshot by Brayden McNabb.
2:57 of 2nd period - Shot Misses the Net.
2:59 of 2nd period - Wrist shot by Troy Brouwer.
2:59 of 2nd period - Stopped by Thomas Greiss with a rebound.
3:01 of 2nd period - Slapshot by Brayden McNabb.
3:01 of 2nd period - Shot Blocked by Philip Samuelsson.
3:03 of 2nd period - Snap shot by Slava Voynov.
3:03 of 2nd period - Shot Misses the Net.
3:05 of 2nd period - Slapshot by Slava Voynov.
3:05 of 2nd period - Stopped by Thomas Greiss without a rebound.
3:06 of 2nd period - Greg Mauldin wins face-off versus Michael Latta in Tamiflu zone.
3:06 of 2nd period - Greg Mauldin is hit by Ryan Reaves.
3:23 of 2nd period - Minor Penalty to Ryan Reaves for Hooking.
3:24 of 2nd period - Nick Palmieri wins face-off versus Greg Mauldin in Ice Dragons zone.
3:55 of 2nd period - Slapshot by Philip Samuelsson.
3:55 of 2nd period - Shot Blocked by Brayden McNabb.
3:57 of 2nd period - Slapshot by Philip Samuelsson.
3:57 of 2nd period - Shot Misses the Net.
3:59 of 2nd period - Wrist shot by Petr Pohl.
3:59 of 2nd period - Stopped by Justin Pogge without a rebound.
4:00 of 2nd period - Greg Mauldin wins face-off versus Petr Vrana in Ice Dragons zone.
4:03 of 2nd period - Slapshot by Greg Mauldin.
4:03 of 2nd period - Shot Misses the Net.
4:05 of 2nd period - Snap shot by Robert Dome.
4:05 of 2nd period - Shot Misses the Net.
4:13 of 2nd period - Justin Braun is hit by Tyler Haskins and loses puck.
4:32 of 2nd period - Snap shot by Greg Mauldin.
4:32 of 2nd period - Stopped by Justin Pogge with a rebound.
4:34 of 2nd period - Backhand shot by Robert Dome.
4:34 of 2nd period - Shot Blocked by Brayden McNabb.
4:36 of 2nd period - Slapshot by Nathan Oystrick.
4:36 of 2nd period - Stopped by Justin Pogge with a rebound.
4:38 of 2nd period - Slapshot by Nathan Oystrick.
4:38 of 2nd period - Deflect By Robert Dome.
4:38 of 2nd period - Shot Misses the Net.
4:38 of 2nd period - Puck is out of play.
4:39 of 2nd period - Jamie Arniel wins face-off versus Nick Palmieri in Ice Dragons zone.
5:16 of 2nd period - Slava Voynov is hit by Tye McGinn and loses puck.
5:23 of 2nd period - Penalty to Ryan Reaves is over, Ryan Reaves is back on ice.
5:29 of 2nd period - Slapshot by Slava Voynov.
5:29 of 2nd period - Stopped by Thomas Greiss without a rebound.
5:30 of 2nd period - Colin Greening wins face-off versus Michael Latta in Tamiflu zone.
5:47 of 2nd period - Snap shot by Brandon Kozun.
5:47 of 2nd period - Shot Misses the Net.
5:53 of 2nd period - Kyle Lawson is hit by Marek Viedensky and loses puck.
6:32 of 2nd period - Snap shot by Mattias Tedenby.
6:32 of 2nd period - Deflect By Colin Greening.
6:32 of 2nd period - Shot Misses the Net.
6:32 of 2nd period - Puck is out of play.
6:33 of 2nd period - Tyler Haskins wins face-off versus Greg Mauldin in Ice Dragons zone.
6:40 of 2nd period - Slapshot by Robert Dome.
6:40 of 2nd period - Shot Blocked by Ian Cole.
6:48 of 2nd period - Wrist shot by Troy Brouwer.
6:48 of 2nd period - Shot Misses the Net.
7:09 of 2nd period - Icing by Brandon Kozun.
7:10 of 2nd period - Colin Greening wins face-off versus Marek Viedensky in Ice Dragons zone.
7:21 of 2nd period - Slapshot by Philip Samuelsson.
7:21 of 2nd period - Shot Blocked by Brayden McNabb.
7:27 of 2nd period - Snap shot by Brayden McNabb.
7:27 of 2nd period - Stopped by Thomas Greiss without a rebound.
7:28 of 2nd period - Greg Mauldin wins face-off versus Tyler Haskins in Tamiflu zone.
7:28 of 2nd period - Greg Mauldin is hit by Nick Palmieri.
7:44 of 2nd period - Snap shot by Greg Mauldin.
7:44 of 2nd period - Stopped by Justin Pogge without a rebound.
7:45 of 2nd period - Jamie Arniel wins face-off versus Michael Latta in Ice Dragons zone.
8:10 of 2nd period - Nick Palmieri is hit by Nino Niederreiter and loses puck.
8:37 of 2nd period - Snap shot by Marek Viedensky.
8:37 of 2nd period - Goal by Marek Viedensky - Tamiflu : 2 - Ice Dragons : 1.
8:38 of 2nd period - Tyler Haskins wins face-off versus Tye McGinn in neutral zone.
8:41 of 2nd period - Wrist shot by Troy Brouwer.
8:41 of 2nd period - Stopped by Thomas Greiss without a rebound.
8:42 of 2nd period - Tyler Haskins wins face-off versus Jamie Arniel in Tamiflu zone.
8:43 of 2nd period - Snap shot by Nick Palmieri.
8:43 of 2nd period - Stopped by Thomas Greiss with a rebound.
8:45 of 2nd period - Snap shot by Troy Brouwer.
8:45 of 2nd period - Stopped by Thomas Greiss without a rebound.
8:46 of 2nd period - Tyler Haskins wins face-off versus Jamie Arniel in Tamiflu zone.
8:51 of 2nd period - Wrist shot by Troy Brouwer.
8:51 of 2nd period - Stopped by Thomas Greiss with a rebound.
9:20 of 2nd period - Slapshot by Michael Latta.
9:20 of 2nd period - Shot Blocked by Justin Braun.
9:28 of 2nd period - Ian Cole is hit by Robert Dome and loses puck.
9:54 of 2nd period - Snap shot by Troy Brouwer.
9:54 of 2nd period - Shot Misses the Net.
9:56 of 2nd period - Slapshot by Tyler Haskins.
9:56 of 2nd period - Deflect By Troy Brouwer.
9:56 of 2nd period - Stopped by Thomas Greiss with a rebound.
10:20 of 2nd period - Slapshot by Philip Samuelsson.
10:20 of 2nd period - Stopped by Justin Pogge without a rebound.
10:21 of 2nd period - Jan Mursak wins face-off versus Bradley Malone in Ice Dragons zone.
10:24 of 2nd period - Wrist shot by Jan Mursak.
10:24 of 2nd period - Stopped by Justin Pogge without a rebound.
10:25 of 2nd period - Jan Mursak wins face-off versus Tyler Haskins in Ice Dragons zone.
10:55 of 2nd period - Slapshot by Nathan Oystrick.
10:55 of 2nd period - Stopped by Justin Pogge with a rebound.
10:57 of 2nd period - Backhand shot by Jamie Arniel.
10:57 of 2nd period - Shot Blocked by Samuel Groulx.
11:41 of 2nd period - Off-side.
11:42 of 2nd period - Jamie Arniel wins face-off versus Michael Latta in neutral zone.
12:59 of 2nd period - Icing by Adam Larsson.
13:00 of 2nd period - Tyler Haskins wins face-off versus Rich Clune in Tamiflu zone.
13:32 of 2nd period - Slapshot by Ian Cole.
13:32 of 2nd period - Shot Blocked by Jan Mursak.
13:38 of 2nd period - Slapshot by Rich Clune.
13:38 of 2nd period - Shot Misses the Net.
13:40 of 2nd period - Snap shot by Rich Clune.
13:40 of 2nd period - Stopped by Justin Pogge with a rebound.
13:42 of 2nd period - Snap shot by Rich Clune.
13:42 of 2nd period - Shot Blocked by Ryan Reaves.
13:44 of 2nd period - Snap shot by Jan Mursak.
13:44 of 2nd period - Shot Blocked by Ian Cole.
13:46 of 2nd period - Slapshot by Adam Larsson.
13:46 of 2nd period - Shot Blocked by Michael Latta.
13:48 of 2nd period - Snap shot by Jan Mursak.
13:48 of 2nd period - Shot Blocked by Petr Vrana.
13:52 of 2nd period - Snap shot by Rich Clune.
13:52 of 2nd period - Stopped by Justin Pogge with a rebound.
14:02 of 2nd period - Slapshot by Jan Mursak.
14:02 of 2nd period - Shot Blocked by Ian Cole.
14:04 of 2nd period - Slapshot by Kyle Lawson.
14:04 of 2nd period - Shot Blocked by Ian Cole.
14:08 of 2nd period - Slapshot by Jan Mursak.
14:08 of 2nd period - Goal by Jan Mursak - Tamiflu : 3 - Ice Dragons : 1.
14:09 of 2nd period - Tyler Haskins wins face-off versus Jamie Arniel in neutral zone.
14:14 of 2nd period - Slapshot by Tomas Kudelka.
14:14 of 2nd period - Shot Misses the Net.
14:22 of 2nd period - Wrist shot by Nick Palmieri.
14:22 of 2nd period - Shot Misses the Net.
14:24 of 2nd period - Slapshot by Tomas Kudelka.
14:24 of 2nd period - Shot Misses the Net.
14:36 of 2nd period - Slava Voynov is hit by Justin Braun and loses puck.
15:13 of 2nd period - Nathan Oystrick is hit by Tyler Haskins.
15:17 of 2nd period - Troy Brouwer is hit by Tye McGinn and loses puck.
15:32 of 2nd period - Slapshot by Marek Viedensky.
15:32 of 2nd period - Shot Misses the Net.
15:44 of 2nd period - Wrist shot by Petr Vrana.
15:44 of 2nd period - Stopped by Thomas Greiss without a rebound.
15:45 of 2nd period - Michael Latta wins face-off versus Jan Mursak in Tamiflu zone.
15:46 of 2nd period - Slapshot by Petr Vrana.
15:46 of 2nd period - Shot Blocked by Nathan Oystrick.
15:52 of 2nd period - Slapshot by Nathan Oystrick.
15:52 of 2nd period - Stopped by Justin Pogge without a rebound.
15:53 of 2nd period - Jamie Arniel wins face-off versus Tyler Haskins in Ice Dragons zone.
16:29 of 2nd period - Minor Penalty to Brayden McNabb for Tripping.
16:30 of 2nd period - Nick Palmieri wins face-off versus Greg Mauldin in Ice Dragons zone.
16:30 of 2nd period - Nick Palmieri is hit by Greg Mauldin.
18:29 of 2nd period - Penalty to Brayden McNabb is over, Brayden McNabb is back on ice.
18:50 of 2nd period - Michael Latta is hit by Rich Clune and loses puck.
19:36 of 2nd period - Snap shot by Brandon Kozun.
19:36 of 2nd period - Deflect By Marek Viedensky.
19:36 of 2nd period - Stopped by Thomas Greiss without a rebound.
19:37 of 2nd period - Tyler Haskins wins face-off versus Colin Greening in Tamiflu zone.
19:38 of 2nd period - Snap shot by Troy Brouwer.
19:38 of 2nd period - Deflect By Justin Braun.
19:38 of 2nd period - Shot Blocked by Justin Braun.
19:38 of 2nd period - Puck is out of play.
19:39 of 2nd period - Tyler Haskins wins face-off versus Greg Mauldin in Tamiflu zone.
Goals for this period are 1 for Tamiflu vs 1 for Ice Dragons.
Shots for this period are 12 for Tamiflu vs 14 for Ice Dragons.

3rd period


0:01 of 3rd period - Tyler Haskins wins face-off versus Jamie Arniel in neutral zone.
1:40 of 3rd period - Wrist shot by Brandon Kozun.
1:40 of 3rd period - Stopped by Thomas Greiss without a rebound.
1:41 of 3rd period - Jamie Arniel wins face-off versus Marek Viedensky in Tamiflu zone.
1:41 of 3rd period - Jamie Arniel is hit by Brandon Kozun.
1:44 of 3rd period - Minor Penalty to Justin Braun for Hooking.
1:45 of 3rd period - Greg Mauldin wins face-off versus Tyler Haskins in Tamiflu zone.
1:45 of 3rd period - Greg Mauldin is hit by Nick Palmieri.
2:00 of 3rd period - Wrist shot by Nick Palmieri.
2:00 of 3rd period - Shot Blocked by Jan Mursak.
3:44 of 3rd period - Penalty to Justin Braun is over, Justin Braun is back on ice.
3:52 of 3rd period - Jordan Hendry is hit by Marek Viedensky and loses puck.
4:01 of 3rd period - Wrist shot by Mattias Tedenby.
4:01 of 3rd period - Shot Misses the Net.
4:07 of 3rd period - Minor Penalty to Logan MacMillan for Holding.
4:08 of 3rd period - Greg Mauldin wins face-off versus Nick Palmieri in Ice Dragons zone.
4:33 of 3rd period - Troy Brouwer is hit by Nathan Oystrick and loses puck.
6:07 of 3rd period - Penalty to Logan MacMillan is over, Logan MacMillan is back on ice.
6:24 of 3rd period - Slapshot by Marek Viedensky.
6:24 of 3rd period - Stopped by Thomas Greiss without a rebound.
6:25 of 3rd period - Michael Latta wins face-off versus Colin Greening in Tamiflu zone.
6:28 of 3rd period - Wrist shot by Michael Latta.
6:28 of 3rd period - Stopped by Thomas Greiss without a rebound.
6:29 of 3rd period - Michael Latta wins face-off versus Colin Greening in Tamiflu zone.
6:30 of 3rd period - Wrist shot by Petr Vrana.
6:30 of 3rd period - Shot Blocked by Kyle Lawson.
7:09 of 3rd period - Wrist shot by Brandon Kozun.
7:09 of 3rd period - Goal by Brandon Kozun - Tamiflu : 3 - Ice Dragons : 2.
7:10 of 3rd period - Jamie Arniel wins face-off versus Tyler Haskins in neutral zone.
7:13 of 3rd period - Tyler Haskins is hit by Philip Samuelsson and loses puck.
8:25 of 3rd period - Snap shot by Jan Mursak.
8:25 of 3rd period - Stopped by Justin Pogge with a rebound.
8:27 of 3rd period - Slapshot by Nathan Oystrick.
8:27 of 3rd period - Stopped by Justin Pogge with a rebound.
9:40 of 3rd period - Off-side.
9:41 of 3rd period - Jamie Arniel wins face-off versus Troy Brouwer in neutral zone.
9:45 of 3rd period - Off-side.
9:46 of 3rd period - Tyler Haskins wins face-off versus Jamie Arniel in neutral zone.
10:35 of 3rd period - Wrist shot by Jamie Arniel.
10:35 of 3rd period - Shot Blocked by Tyler Haskins.
10:37 of 3rd period - Slapshot by Justin Braun.
10:37 of 3rd period - Shot Blocked by Tyler Haskins.
10:39 of 3rd period - Snap shot by Tye McGinn.
10:39 of 3rd period - Stopped by Justin Pogge without a rebound.
10:40 of 3rd period - Greg Mauldin wins face-off versus Michael Latta in Ice Dragons zone.
10:50 of 3rd period - Icing by Slava Voynov.
10:51 of 3rd period - Greg Mauldin wins face-off versus Michael Latta in Ice Dragons zone.
12:35 of 3rd period - Wrist shot by Petr Pohl.
12:35 of 3rd period - Deflect By Jamie Arniel.
12:35 of 3rd period - Shot Misses the Net.
12:35 of 3rd period - Puck is out of play.
12:36 of 3rd period - Jamie Arniel wins face-off versus Tyler Haskins in Ice Dragons zone.
12:47 of 3rd period - Wrist shot by Petr Pohl.
12:47 of 3rd period - Shot Misses the Net.
12:49 of 3rd period - Wrist shot by Tye McGinn.
12:49 of 3rd period - Shot Misses the Net.
13:20 of 3rd period - Slapshot by Ian Cole.
13:20 of 3rd period - Shot Misses the Net.
13:22 of 3rd period - Slapshot by Ian Cole.
13:22 of 3rd period - Shot Blocked by Adam Larsson.
13:24 of 3rd period - Snap shot by Logan MacMillan.
13:24 of 3rd period - Stopped by Thomas Greiss with a rebound.
13:41 of 3rd period - Minor Penalty to Colin Greening for Interference.
13:42 of 3rd period - Greg Mauldin wins face-off versus Tyler Haskins in Tamiflu zone.
13:48 of 3rd period - Icing by Brayden McNabb.
13:49 of 3rd period - Jan Mursak wins face-off versus Tyler Haskins in Ice Dragons zone.
13:50 of 3rd period - Slapshot by Greg Mauldin.
13:50 of 3rd period - Stopped by Justin Pogge without a rebound.
13:51 of 3rd period - Tyler Haskins wins face-off versus Greg Mauldin in Ice Dragons zone.
14:00 of 3rd period - Wrist shot by Jan Mursak.
14:00 of 3rd period - Shot Misses the Net.
14:24 of 3rd period - Slapshot by Michael Latta.
14:24 of 3rd period - Shot Misses the Net.
15:04 of 3rd period - Wrist shot by Jamie Arniel.
15:04 of 3rd period - Shot Misses the Net.
15:30 of 3rd period - Ian Cole is hit by Nathan Oystrick and loses puck.
15:41 of 3rd period - Penalty to Colin Greening is over, Colin Greening is back on ice.
18:15 of 3rd period - Minor Penalty to Nathan Oystrick for Hooking.
18:16 of 3rd period - Tyler Haskins wins face-off versus Jan Mursak in Tamiflu zone.
19:20 of 3rd period - Justin Braun is hit by Troy Brouwer.
Goals for this period are 0 for Tamiflu vs 1 for Ice Dragons.
Shots for this period are 4 for Tamiflu vs 5 for Ice Dragons.